 Dungeon Crawl Stone Soup version 0.21.1-1-g345015fe64 (webtiles) character file.

8839 Kohma the Thaumaturge (level 11, 0/47 HPs)
             Began as a Spriggan Venom Mage on June 26, 2018.
             Was an Initiate of Gozag.
             Killed from afar by an electric eel (9 damage)
             ... with a bolt of electricity
             ... on level 10 of the Dungeon.
             The game lasted 00:49:43 (16018 turns).

Kohma the Thaumaturge (Spriggan Venom Mage)        Turns: 16018, Time: 00:49:43

Health: 0/47       AC: 10    Str:  9    XL:     11   Next: 15%
Magic:  6/33       EV: 22    Int: 20    God:    Gozag
Gold:   618        SH:  8    Dex: 16    Spells: 16/26 levels left

rFire    . . .     SeeInvis +   L - +1 dagger (venom)
rCold    . . .     Gourm    .   E - +0 buckler {AC+3}
rNeg     + . .     Faith    .   F - +2 robe {rN+}
rPois    .         Spirit   .   (helmet restricted)
rElec    .         Reflect  .   m - +2 cloak of the Thief {+Fog Slay-2 SInv Stlth+}
rCorr    .         Harm     .   (gloves unavailable)
MR       +....                  (boots unavailable)
Stlth    ++++......             (no amulet)
HPRegen  0.15/turn              p - +4 ring of strength
MPRegen  0.23/turn              I - ring of magical power

@: very quick
A: very small, unfitting armour, see invisible, herbivore, speed 3, slow
metabolism 2
a: Potion Petition, Call Merchant, Bribe Branch, Renounce Religion, Evoke Fog


You were on level 10 of the Dungeon.
You worshipped Gozag.
Gozag was pleased with you.
You were not hungry.

You visited 2 branches of the dungeon, and saw 11 of its levels.

You collected 1614 gold pieces.
You spent 928 gold pieces at shops.
You paid 68 gold pieces to Gozag.

Inventory:

Hand Weapons
 t - a +2 whip of flaming
 z - a +3 short sword of protection
 H - a +1 scimitar of flaming
 L - a +1 dagger of venom (weapon)
Missiles
 r - 53 arrows
 v - 33 bolts
Armour
 m - the +2 cloak of the Thief (worn) {+Fog Slay-2 SInv Stlth+}
   (You bought it in a shop on level 6 of the Dungeon)

   It affects your accuracy and damage with ranged weapons and melee attacks
   (-2).
   It lets you see invisible.
   It makes you more stealthy.
 E - a +0 buckler of protection (worn)
 F - a +2 robe of positive energy (worn)
Jewellery
 p - a +4 ring of strength (left hand)
 x - an uncursed ring of ice
 I - a ring of magical power (right hand)
Wands
 e - a wand of flame (23)
 l - a wand of acid (10)
 s - a wand of scattershot (4)
 y - a wand of polymorph (2)
 A - a wand of clouds (3)
 C - a wand of disintegration (9)
 G - a wand of iceblast (7)
Scrolls
 i - 2 scrolls of amnesia
 n - 4 scrolls of teleportation
 o - 3 scrolls of blinking
 q - 6 scrolls of remove curse
 u - a scroll of magic mapping
 K - a scroll of silence
Potions
 a - 2 potions of curing {unknown}
 d - a potion of heal wounds {unknown}
 f - 2 potions of haste
 g - a potion of lignification {unknown}
 h - a potion of agility
 j - 2 potions of mutation
 k - 3 potions of degeneration {unknown}
 w - a potion of flight {unknown}
 B - 2 potions of brilliance {unknown}
 D - 3 potions of resistance
 J - a potion of ambrosia {unknown}
Books
 b - a Young Poisoner's Handbook

   Spells                             Type                      Level
   a - Sting                          Conjuration/Poison           1
   b - Poisonous Vapours              Poison/Air                   2
   c - Mephitic Cloud                 Conjuration/Poison/Air       3
   d - Olgreb's Toxic Radiance        Poison                       4
   e - Venom Bolt                     Conjuration/Poison           5
Comestibles
 c - 17 rations


   Skills:
 + Level 7.6 Short Blades
 - Level 6.2 Dodging
 - Level 6.0 Stealth
 - Level 7.2 Shields
 - Level 8.0 Spellcasting
 + Level 3.5 Conjurations
 - Level 3.0 Air Magic
 - Level 8.0 Poison Magic
 - Level 4.1 Evocations


You had 16 spell levels left.
You knew the following spells:

 Your Spells              Type           Power        Failure   Level  Hunger
a - Sting                 Conj/Pois      ####         1%          1    None
b - Poisonous Vapours     Pois/Air       ####..       1%          2    None
c - Mephitic Cloud        Conj/Pois/Air  ####....     3%          3    None
d - Olgreb's Toxic Radia  Pois           #####...     3%          4    ###....


Dungeon Overview and Level Annotations

Branches:
Dungeon (10/15)            Temple (1/1) D:5            Lair (0/6) D:10
    Orc (0/2) D:10

Altars:
Ashenzari
Cheibriados
Dithmenos
Elyvilon
Fedhas
Gozag
Hepliaklqana
Kikubaaqudgha
Makhleb
Nemelex Xobeh
Okawaru
Qazlal
Ru
Sif Muna
Trog
Uskayaw
Vehumet
Wu Jian
Xom
Yredelemnul
Zin
The Shining One

Shops:
D:6 *   D:8 *   D:9 %

Annotations:
D:3 exclusion: downstairs
D:4 Gargoyl's ghost, amateur CeAK
D:7 gorpus's ghost, novice OpEE
D:10 Gastronok


Innate Abilities, Weirdness & Mutations

You are very small and have problems with some larger weapons.
You are too small for most types of armour.
You have supernaturally acute eyesight. (SInv)
You are a herbivore.
You cover ground extremely quickly.
You need consume almost no food.


Message History

Press: ? - help, Dir - move target cursor, f/p - Gastronok
Aim: Gastronok, wearing a hat (severely wounded, poisoned, covering ground quickly) Poisonous vapours surround Gastronok!
The yak bellows!
Gastronok is engulfed in poison gas.
Gastronok looks as sick as possible!
Casting: Poisonous Vapours
Confirm with . or Enter, or press ? or * to list all spells.
Aiming: Poisonous Vapours
Press: ? - help, Dir - move target cursor, f/p - Gastronok
Aim: Gastronok, wearing a hat (severely wounded, poisoned, covering ground quickly) Poisonous vapours surround Gastronok!
Gastronok is engulfed in poison gas.
Gastronok looks as sick as possible!
Gastronok waves his eye-stalks in wide circles.
The air twists around and strikes you!
Ouch! That really hurt!
* * * LOW HITPOINT WARNING * * *
The electric eel shoots out a bolt of lightning at you!
The bolt of electricity hits you!
You die...
Your body crumbles into a pile of gold.

.PP.P#..')...P.#.##.#.##...
.PP.P#>.#..PP..#.##....#.#
P.P..####.P..P##.###.....#######
...P....P...P.##.####...........
..P.P...PPPP................####
..wP.P.P.PPP.####.###...###.#
.....PP.P.....## .###.#.# .#
####...........##..##.#.. . #
###..w.......@.....##.# . #
##........#....### .. .# #
≈≈≈≈≈≈......Y...).... ≈
≈≈≈≈≈≈≈;.#######...... ≈
##≈≈###≈≈# #..#.. $#≈≈ +≈≈#
...#. #≈≈ #≈≈. ### ≈; ≈≈≈#. ≈≈≈≈


You could see a yak and an electric eel.

Vanquished Creatures
  Erica (D:8)
  A two-headed ogre (D:9)
  Pikel (D:5)
  2 trolls
  A queen bee (D:8)
  Prince Ribbit (D:8)
  Sigmund (D:5)
  2 wraiths
  Eustachio (D:5)
  5 yaks (D:9)
  A hungry ghost (D:8)
  Edmund (D:6)
  Duvessa (D:7)
  4 orc warriors
  4 ice beasts
  A sky beast (D:7)
  2 phantoms
  10 ogres
  A centaur (D:10)
  A bullfrog (D:10)
  2 big kobolds (D:10)
  A gnoll sergeant (D:10)
  Dowan (D:7)
  2 wyvern skeletons
  4 scorpions
  20 killer bees
  4 howler monkeys
  A wight (D:9)
  5 crimson imps
  A bullfrog zombie (D:5)
  4 orc priests
  2 centaur skeletons
  A jelly (D:7)
  An iguana (D:5)
  A bullfrog skeleton (D:5)
  8 orc wizards
  2 worker ants
  Terence (D:2)
  3 hound skeletons
  A worker ant zombie (D:6)
  6 gnolls
  11 adders
  2 oozes
  An adder skeleton (D:4)
  2 worms
  3 dart slugs
  5 leopard geckos
  28 orcs
  2 giant cockroaches
  13 goblins
  6 hobgoblins
  6 jackals
  11 kobolds
  7 quokkas
  4 ball pythons
  7 bats
  7 frilled lizards
  9 rats
237 creatures vanquished.

Vanquished Creatures (others)
  2 slaves (D:5)
  A worker ant (D:5)
  A worm (D:5)
  7 fungi (D:10)
  A plant (D:10)
12 creatures vanquished.

Grand Total: 249 creatures vanquished

Notes
Turn   | Place    | Note
-------+----------+-------------------------------------------
     0 | D:1      | Kohma the Spriggan Venom Mage began the quest for the Orb.
     0 | D:1      | Reached XP level 1. HP: 9/9 MP: 5/5
   409 | D:1      | Reached XP level 2. HP: 13/13 MP: 4/7
   413 | D:1      | Learned a level 2 spell: Poisonous Vapours
   944 | D:1      | Reached XP level 3. HP: 16/16 MP: 4/8
  1187 | D:2      | Noticed Terence
  1194 | D:2      | Killed Terence
  1685 | D:2      | Reached XP level 4. HP: 21/21 MP: 2/11
  2304 | D:2      | Found a deep blue altar of Sif Muna.
  2551 | D:3      | Found an iron altar of Okawaru.
  2556 | D:3      | Reached skill level 5 in Dodging
  3059 | D:3      | Reached XP level 5. HP: 24/24 MP: 5/12
  3901 | D:3      | Reached skill level 1 in Shields
  4224 | D:4      | Reached skill level 1 in Air Magic
  4224 | D:4      | Reached XP level 6. HP: 28/28 MP: 3/13
  4500 | D:4      | Noticed Gargoyl's ghost (amateur CeAK)
  5383 | D:4      | Found a sparkling altar of Nemelex Xobeh.
  5392 | D:4      | Found an ancient bone altar of Kikubaaqudgha.
  5396 | D:4      | Found a snail-covered altar of Cheibriados.
  5443 | D:5      | Entered Level 5 of the Dungeon
  5487 | D:5      | Noticed a slave
  5491 | D:5      | Noticed Pikel
  5493 | D:5      | Noticed a slave
  5493 | D:5      | Noticed a slave
  5496 | D:5      | Noticed a slave
  5497 | D:5      | Killed Pikel
  5497 | D:5      | Reached XP level 7. HP: 32/32 MP: 1/14
  5605 | D:5      | Learned a level 3 spell: Mephitic Cloud
  5610 | D:5      | Learned a level 4 spell: Olgreb's Toxic Radiance
  5765 | D:5      | Reached skill level 5 in Poison Magic
  5834 | D:5      | Found a staircase to the Ecumenical Temple.
  5850 | Temple   | Entered the Ecumenical Temple
  5871 | Temple   | Became a worshipper of Gozag Ym Sagoz the Greedy
  6240 | D:5      | Noticed Eustachio
  6252 | D:5      | Noticed Sigmund
  6258 | D:5      | Killed Eustachio
  6258 | D:5      | Reached XP level 8. HP: 36/36 MP: 1/15
  6411 | D:5      | Killed Sigmund
  6411 | D:5      | Reached skill level 5 in Shields
  7449 | D:6      | Found a glowing silver altar of Zin.
  7451 | D:6      | Noticed an angel
  7454 | D:6      | Found a shimmering altar of Xom.
  7476 | D:6      | Noticed Edmund
  7924 | D:6      | Killed Edmund
  7924 | D:6      | Reached skill level 5 in Stealth
  8970 | D:6      | Reached XP level 9. HP: 39/39 MP: 9/16
  9206 | D:6      | Found Zialesh's Assorted Antiques.
  9213 | D:6      | Bought a glowing white potion for 19 gold pieces
  9213 | D:6      | Bought a blackened glass wand for 88 gold pieces
  9213 | D:6      | Bought a brown potion for 19 gold pieces
  9215 | D:6      | Bought a scroll of identify for 44 gold pieces
  9215 | D:6      | Bought a scroll of teleportation for 66 gold pieces
  9613 | D:7      | Noticed Duvessa
  9666 | D:7      | Noticed Dowan
  9674 | D:7      | Killed Duvessa
  9674 | D:7      | Reached skill level 1 in Evocations
  9679 | D:7      | Killed Dowan
  9714 | D:7      | Noticed gorpus's ghost (novice OpEE)
  9981 | D:7      | Reached skill level 1 in Short Blades
 10733 | D:8      | Noticed a queen bee
 10737 | D:8      | Reached skill level 5 in Spellcasting
 10745 | D:8      | Killed a queen bee
 11085 | D:8      | Reached skill level 1 in Conjurations
 11538 | D:8      | Found Keedium's Assorted Antiques.
 11580 | D:8      | Noticed Erica
 11629 | D:8      | Killed Erica
 11629 | D:8      | Reached XP level 10. HP: 9/44 MP: 15/22
 11960 | D:8      | Noticed Prince Ribbit
 11971 | D:8      | Killed Prince Ribbit
 13108 | D:9      | Found a white marble altar of Elyvilon.
 13113 | D:9      | Noticed a two-headed ogre
 13118 | D:9      | Reached skill level 5 in Short Blades
 13195 | D:9      | Killed a two-headed ogre
 14007 | D:9      | Found Elesy's Food Boutique.
 14010 | D:9      | Bought a ration for 50 gold pieces
 14010 | D:9      | Bought a ration for 50 gold pieces
 14010 | D:9      | Bought a ration for 50 gold pieces
 14010 | D:9      | Bought a ration for 50 gold pieces
 14010 | D:9      | Bought a ration for 50 gold pieces
 14143 | D:6      | Bought the +2 cloak of the Thief {+Fog Slay-2 SInv Stlth+} for 442 gold pieces
 14143 | D:6      | Found the +2 cloak of the Thief {+Fog Slay-2 SInv Stlth+}
 14802 | D:10     | Entered Level 10 of the Dungeon
 15295 | D:10     | Found a staircase to the Orcish Mines.
 15307 | D:10     | Reached XP level 11. HP: 47/47 MP: 19/24
 15942 | D:10     | Found a staircase to the Lair.
 15974 | D:10     | Noticed Gastronok
 16018 | D:10     | Killed from afar by an electric eel

Skill      XL: |  1  2  3  4  5  6  7  8  9 10 11 |
---------------+----------------------------------+-----
Spellcasting   | 3 4 7 8 |  8.0
Dodging        | 4 5 6 |  6.2
Shields        | 1 3 4 6 7 |  7.2
Air Magic      | 1 2 3 |  3.0
Poison Magic   | 4 5 7 8 |  8.0
Stealth        | 6 |  6.0
Evocations     | 4 |  4.1
Short Blades   | 3 7 |  7.6
Conjurations   | 2 3 |  3.5

Action                   |  1- 3 |  4- 6 |  7- 9 | 10-12 || total
-------------------------+-------+-------+-------+-------++-------
Melee: Unarmed           |    15 |       |       |       ||    15
       Short sword       |     4 |   103 |   199 |       ||   306
       Dagger            |       |       |    22 |   489 ||   511
 Cast: Sting             |    18 |    24 |     6 |       ||    48
       Poisonous Vapours |    37 |    95 |    95 |    66 ||   293
       Olgreb's Toxic Ra |       |       |     6 |    12 ||    18
       Mephitic Cloud    |       |       |       |     5 ||     5
  Use: Scroll            |       |       |    14 |     3 ||    17
       Potion            |       |       |     2 |     3 ||     5
 Stab: Sleeping          |     1 |     2 |     1 |     1 ||     5
       Distracted        |       |     1 |       |     2 ||     3
  Eat: Ration            |       |     4 |     5 |     6 ||    15
Armor: Robe              |     5 |     5 |    26 |    33 ||    69
       Skin              |       |       |     1 |       ||     1
Dodge: Dodged            |    62 |   104 |   188 |   232 ||   586
Block: Buckler           |       |    35 |   103 |   132 ||   270
